[Event "46th BAN National Premier Chess-ch 2021"]
[Site "Dhaka"]
[Date "2022.01.03"]
[Round "7.2"]
[White "Subrota, Biswas"]
[Black "Nayem, Haque"]
[Result "1/2-1/2"]
[ECO "A00"]
[WhiteElo "2199"]
[BlackElo "2091"]
[Annotator "ChessBase"]
[PlyCount "141"]
[EventDate "2021.12.27"]
[EventCountry "BAN"]
[SourceTitle "playchess.com"]
[Source "ChessBase"]
[SourceQuality "1"]
[TimeControl "40/5400+30:1800+30"]

1. a3 d5 2. Nf3 Nf6 3. e3 e6 4. d4 Be7 5. Nbd2 O-O 6. c4 b6 7. cxd5 exd5 8. Bd3 Bb7 9. Qc2 Nbd7 10. Ne5 c5 11. f4 cxd4 12. exd4 Rc8 13. Qa4 Nxe5 14. fxe5 Ne4 15. Nf3 Bc6 16. Qd1 Qd7 17. Qe2 f5 18. exf6 Bxf6 19. O-O Rce8 20. Qc2 Ba4 21. b3 Bb5 22. Bb2 Rc8 23. Qe2 Bxd3 24. Qxd3 Qc7 25. Rac1 Qf4 26. Rce1 Qc7 27. Re2 Rfd8 28. g3 a5 29. Rc1 Qb7 30. Rec2 Rxc2 31. Qxc2 Bg5 32. Qc7 Qxc7 33. Rxc7 Be3+ 34. Kf1 Bh6 35. Bc1 Bxc1 36. Rxc1 h6 37. Ke2 Re8 38. Ne5 Rf8 39. Ke3 Rf2 40. Rc8+ Kh7 41. Rd8 Rb2 42. Rxd5 Nc3 43. Rd8 Rxb3 44. Kf4 Ne2+ 45. Ke4 Rxa3 46. d5 Ra4+ 47. Kd3 Nc1+ 48. Kc2 Re4 49. Nd7 Rc4+ 50. Kd2 Nb3+ 51. Kd3 b5 52. Rb8 Nc5+ 53. Nxc5 Rxc5 54. Kd4 Rc4+ 55. Ke5 Rc2 56. d6 Re2+ 57. Kf5 Rd2 58. Ke6 Re2+ 59. Kf7 Rf2+ 60. Ke7 Re2+ 61. Kd8 a4 62. d7 b4 63. Rxb4 a3 64. Rd4 a2 65. Rd1 Rd2 66. Rxd2 a1=Q 67. Rd6 Qa5+ 68. Ke7 Qg5+ 69. Kf7 Qf5+ 70. Ke7 Qg5+ 71. Kf7 1/2-1/2

[Event "46th BAN National Premier Chess-ch 2021"]
[Site "Dhaka"]
[Date "2022.01.03"]
[Round "7.4"]
[White "Islam, Khandaker Aminul"]
[Black "Md., Sharif Hossain"]
[Result "1-0"]
[ECO "D35"]
[WhiteElo "2155"]
[BlackElo "2211"]
[Annotator "ChessBase"]
[PlyCount "161"]
[EventDate "2021.12.27"]
[EventCountry "BAN"]
[SourceTitle "playchess.com"]
[Source "ChessBase"]
[SourceQuality "1"]
[TimeControl "40/5400+30:1800+30"]

1. d4 d5 2. c4 e6 3. Nc3 Nf6 4. Nf3 Nbd7 5. cxd5 exd5 6. Bg5 Be7 7. e3 O-O 8. Qc2 Re8 9. Bd3 h6 10. Bf4 a6 11. O-O Bd6 12. Bxd6 cxd6 13. Qb3 Nb6 14. a4 Be6 15. Rfc1 Nc4 16. Rc2 Re7 17. Qa2 Na5 18. Nd2 Rc8 19. Rac1 Rec7 20. b4 Nc4 21. Nf1 b6 22. Ne2 Qd7 23. Nf4 b5 24. Ra1 Bf5 25. Bxf5 Qxf5 26. Ng3 Qh7 27. Rcc1 g5 28. Ngh5 Nxh5 29. Nxh5 Qg6 30. Ng3 h5 31. axb5 axb5 32. Nf1 g4 33. Qe2 h4 34. Re1 f5 35. Kh1 Re7 36. Qa2 Rb8 37. Qb1 Qe6 38. Qd3 Kg7 39. f3 Rbe8 40. Ra2 f4 41. fxg4 fxe3 42. h3 Qe4 43. Qc3 Qf4 44. Rae2 Re4 45. Nh2 Qf6 46. Nf3 Rf4 47. Rxe3 Rxe3 48. Rxe3 Nxe3 49. Qxe3 Re4 50. Qd3 Re7 51. Qxb5 Ra7 52. Qf1 Qf4 53. Qe1 Rc7 54. Ng1 Qg3 55. Qd2 Kg6 56. Nf3 Ra7 57. Qg5+ Kf7 58. Qxd5+ Ke7 59. Qg5+ Kf7 60. Qf5+ Ke8 61. Qh5+ Kd8 62. Qxh4+ Qxh4 63. Nxh4 Rb7 64. Nf5 Kd7 65. Kh2 Rxb4 66. Kg3 Ke6 67. Kf4 Rb8 68. h4 d5 69. g5 Rb2 70. g4 Rf2+ 71. Ke3 Rf1 72. h5 Rg1 73. Kf3 Kf7 74. g6+ Kf6 75. g7 Kf7 76. h6 Rh1 77. g5 Rf1+ 78. Kg4 Rg1+ 79. Kf4 Re1 80. g6+ Kg8 81. h7# 1-0

[Event "46th BAN National Premier Chess-ch 2021"]
[Site "Dhaka"]
[Date "2022.01.03"]
[Round "7.5"]
[White "Chatterjee, Debaraj"]
[Black "Rahman, Ziaur"]
[Result "0-1"]
[ECO "E94"]
[WhiteElo "2204"]
[BlackElo "2413"]
[Annotator "ChessBase"]
[PlyCount "89"]
[EventDate "2021.12.27"]
[EventCountry "BAN"]
[SourceTitle "playchess.com"]
[Source "ChessBase"]
[SourceQuality "1"]
[TimeControl "40/5400+30:1800+30"]

1. d4 d6 2. Nf3 Nf6 3. c4 g6 4. Nc3 Bg7 5. e4 O-O 6. Be2 e5 7. O-O Bg4 8. d5 Na6 9. Ne1 Bxe2 10. Qxe2 Nd7 11. Nd3 f5 12. f3 Rf7 13. Be3 f4 14. Bf2 h5 15. b4 Bf8 16. Na4 c5 17. dxc6 bxc6 18. Nc3 Nc7 19. b5 c5 20. a4 g5 21. a5 Rg7 22. Kh1 g4 23. Bg1 Be7 24. Nf2 Bh4 25. fxg4 Ne6 26. g5 Bxf2 27. Qxf2 Qxg5 28. Nd5 Nf6 29. Nxf6+ Qxf6 30. Rad1 Rd8 31. Rd3 Kh7 32. Rh3 Rg5 33. Qf3 Qg6 34. Rd1 Kg7 35. b6 axb6 36. axb6 Rg4 37. Qe2 Ng5 38. Rb3 Qxe4 39. Qxe4 Nxe4 40. b7 Rb8 41. Rb6 Kf6 42. Rb2 Rg7 43. Re1 Kf5 44. Reb1 Rd7 45. Ra1 0-1

[Event "46th BAN National Premier Chess-ch 2021"]
[Site "Dhaka"]
[Date "2022.01.03"]
[Round "7.7"]
[White "Mehdi, Hasan Parag"]
[Black "Mollah Abdullah, Al Rakib"]
[Result "1-0"]
[ECO "B06"]
[WhiteElo "2230"]
[BlackElo "2459"]
[Annotator "ChessBase"]
[PlyCount "93"]
[EventDate "2021.12.27"]
[EventCountry "BAN"]
[SourceTitle "playchess.com"]
[Source "ChessBase"]
[SourceQuality "1"]
[TimeControl "40/5400+30:1800+30"]

1. e4 d6 2. d4 Nc6 3. Nc3 e5 4. Nge2 g6 5. Be3 Bg7 6. Qd2 Nf6 7. f3 d5 8. dxe5 Nxe5 9. Nf4 dxe4 10. Qxd8+ Kxd8 11. O-O-O+ Bd7 12. Nfd5 Nxd5 13. Nxd5 f6 14. f4 Nc6 15. Rd2 Kc8 16. Bb5 Re8 17. h3 a6 18. Rhd1 Be6 19. Bc4 b5 20. Nxc7 Kxc7 21. Bxe6 Rxe6 22. Rd7+ Kc8 23. Rxg7 Re7 24. Rg8+ Kb7 25. Rxa8 Kxa8 26. Rd6 Rc7 27. Rxf6 Nb4 28. c3 Nd3+ 29. Kd2 Nxb2 30. Rxa6+ Kb8 31. Rb6+ Rb7 32. Re6 Nc4+ 33. Ke2 Nxe3 34. Kxe3 Rc7 35. Rb6+ Kc8 36. Rxb5 Rxc3+ 37. Kxe4 Rc2 38. g4 Re2+ 39. Kd5 Rxa2 40. Ke6 Ra3 41. h4 Rg3 42. Rg5 Kd8 43. Kf7 Rf3 44. Rd5+ Kc7 45. f5 Rf4 46. f6 Rxg4 47. Kg7 1-0

[Event "46th BAN National Premier Chess-ch 2021"]
[Site "Dhaka"]
[Date "2022.01.04"]
[Round "8.1"]
[White "Manon, Reja Neer"]
[Black "Mollah Abdullah, Al Rakib"]
[Result "0-1"]
[ECO "C26"]
[WhiteElo "1989"]
[BlackElo "2459"]
[Annotator "ChessBase"]
[PlyCount "86"]
[EventDate "2021.12.27"]
[EventCountry "BAN"]
[SourceTitle "playchess.com"]
[Source "ChessBase"]
[SourceQuality "1"]
[TimeControl "40/5400+30:1800+30"]

1. e4 e5 2. Nc3 Nf6 3. g3 Bc5 4. Bg2 d6 5. Nge2 Nc6 6. d3 Ng4 7. O-O h5 8. Na4 Bxf2+ 9. Rxf2 Nxf2 10. Kxf2 h4 11. Be3 Bg4 12. Qg1 hxg3+ 13. hxg3 Nb4 14. Rc1 Nxa2 15. Rd1 Qd7 16. Nac3 Nxc3 17. bxc3 a5 18. c4 a4 19. Ra1 b5 20. Nc3 bxc4 21. dxc4 Be6 22. Bf1 f5 23. exf5 Bxf5 24. Bg2 Qf7 25. Bxa8 Be4+ 26. Ke2 Bxa8 27. Qf2 Qxc4+ 28. Kd2 Bc6 29. Rb1 Ke7 30. Bg5+ Ke6 31. Rf1 Qd4+ 32. Qxd4 exd4 33. Ne2 Rh2 34. Kd1 Rxe2 35. Kxe2 Bb5+ 36. Kf2 Bxf1 37. Kxf1 a3 38. Bc1 a2 39. Bb2 Kd5 40. c3 dxc3 41. Bxc3 g5 42. Ke2 Ke4 43. Kd2 d5 0-1

[Event "46th BAN National Premier Chess-ch 2021"]
[Site "Dhaka"]
[Date "2022.01.04"]
[Round "8.4"]
[White "Md., Sharif Hossain"]
[Black "Chatterjee, Debaraj"]
[Result "1/2-1/2"]
[ECO "B01"]
[WhiteElo "2211"]
[BlackElo "2204"]
[Annotator "ChessBase"]
[PlyCount "107"]
[EventDate "2021.12.27"]
[EventCountry "BAN"]
[SourceTitle "playchess.com"]
[Source "ChessBase"]
[SourceQuality "1"]
[TimeControl "40/5400+30:1800+30"]

1. e4 d5 2. exd5 Qxd5 3. Nc3 Qa5 4. d4 Nf6 5. Nf3 Bf5 6. Ne5 c6 7. Bd3 Bxd3 8. Qxd3 Nbd7 9. Nc4 Qa6 10. Qe2 e6 11. Bf4 Nd5 12. Nd6+ Bxd6 13. Qxa6 bxa6 14. Bxd6 Nxc3 15. bxc3 Nb6 16. Rb1 O-O-O 17. Bg3 Rd5 18. Ke2 Rhd8 19. Rb3 c5 20. Rhb1 cxd4 21. cxd4 Rxd4 22. Rc3+ Rc4 23. Rxc4+ Nxc4 24. Rb8+ Kd7 25. Rb7+ Ke8 26. Rxa7 Rd2+ 27. Ke1 Rxc2 28. Rxa6 Nb2 29. a4 Nd3+ 30. Kf1 e5 31. a5 Ke7 32. Bh4+ f6 33. Ra7+ Kf8 34. f3 Ra2 35. a6 Nb4 36. Ra8+ Kf7 37. a7 Nc6 38. Bf2 Nd4 39. g4 Kg6 40. h4 h6 41. f4 Ra1+ 42. Kg2 Ra2 43. h5+ Kh7 44. f5 Ra3 45. Be3 Ra2+ 46. Kf1 Ra1+ 47. Kg2 Ra2+ 48. Bf2 Ra3 49. Bg1 Ra2+ 50. Kf1 Ra1+ 51. Kf2 Ra3 52. Kf1 Ra1+ 53. Kg2 Ra2+ 54. Bf2 1/2-1/2

[Event "46th BAN National Premier Chess-ch 2021"]
[Site "Dhaka"]
[Date "2022.01.04"]
[Round "8.5"]
[White "Mohammad, Minhaz Uddin"]
[Black "Islam, Khandaker Aminul"]
[Result "1/2-1/2"]
[ECO "C47"]
[WhiteElo "2259"]
[BlackElo "2155"]
[Annotator "ChessBase"]
[PlyCount "77"]
[EventDate "2021.12.27"]
[EventCountry "BAN"]
[SourceTitle "playchess.com"]
[Source "ChessBase"]
[SourceQuality "1"]
[TimeControl "40/5400+30:1800+30"]

1. e4 e5 2. Nf3 Nc6 3. d4 exd4 4. Nxd4 Nf6 5. Nc3 Bb4 6. Nxc6 bxc6 7. Bd3 d5 8. exd5 O-O 9. O-O cxd5 10. Bg5 c6 11. Qf3 h6 12. Bxf6 Qxf6 13. Qxf6 gxf6 14. Ne2 Bd6 15. Nd4 c5 16. Nf5 Bxf5 17. Bxf5 Rfe8 18. Rad1 Rad8 19. f4 Bf8 20. Rf3 c4 21. b3 Bb4 22. Kf1 a5 23. Rf2 cxb3 24. axb3 Bc3 25. Rf3 d4 26. Kf2 Bb4 27. Bd3 Rd5 28. Rg3+ Kf8 29. Rh3 Kg7 30. Bc4 Rf5 31. Kf3 Bc3 32. Kg4 Rc5 33. Bd3 Be1 34. Rh5 Rxh5 35. Kxh5 Bc3 36. Kg4 Re1 37. Rxe1 Bxe1 38. Kf5 Bc3 39. Ke4 1/2-1/2

[Event "46th BAN National Premier Chess-ch 2021"]
[Site "Dhaka"]
[Date "2022.01.04"]
[Round "8.6"]
[White "Nayem, Haque"]
[Black "Zia, Tahsin Tajwar"]
[Result "1/2-1/2"]
[ECO "B12"]
[WhiteElo "2091"]
[BlackElo "2232"]
[Annotator "ChessBase"]
[PlyCount "119"]
[EventDate "2021.12.27"]
[EventCountry "BAN"]
[SourceTitle "playchess.com"]
[Source "ChessBase"]
[SourceQuality "1"]
[TimeControl "40/5400+30:1800+30"]

1. e4 c6 2. d4 d5 3. e5 Bf5 4. Nd2 e6 5. Nb3 Nd7 6. Nf3 Qc7 7. Be2 f6 8. O-O O-O-O 9. Be3 h5 10. Rc1 Nh6 11. c4 dxc4 12. Bxc4 Ng4 13. Bf4 g5 14. Bd2 fxe5 15. Bxg5 Bh6 16. Bxd8 Rxd8 17. g3 e4 18. Nh4 Bg5 19. Nxf5 exf5 20. f4 exf3 21. Qxf3 Be3+ 22. Kg2 Bxc1 23. Rxc1 Re8 24. Qf4 Ne3+ 25. Kf3 Qxf4+ 26. gxf4 Nxc4 27. Rxc4 Nb6 28. Rc2 Nd5 29. Rg2 Re3+ 30. Kf2 b6 31. Rg5 Rh3 32. Kg1 Rd3 33. Rxf5 a5 34. Rf8+ Kb7 35. Kf2 a4 36. Nc1 Rd2+ 37. Ke1 Rxb2 38. f5 Rc2 39. Nd3 Rxh2 40. f6 Nxf6 41. Rxf6 Rxa2 42. Rf7+ Kc8 43. Nb4 Rb2 44. Nxc6 a3 45. Re7 Rc2 46. Nb4 Rb2 47. Nc6 Rc2 48. Nb4 Rc4 49. Na2 Rxd4 50. Re3 Ra4 51. Kd2 h4 52. Kc2 Kd7 53. Kb3 Ra8 54. Rh3 Rh8 55. Nc3 Ke6 56. Kxa3 Kf5 57. Nd1 Kg5 58. Nf2 Rf8 59. Rh2 Rf3+ 60. Kb4 1/2-1/2

[Event "46th BAN National Premier Chess-ch 2021"]
[Site "Dhaka"]
[Date "2022.01.04"]
[Round "8.7"]
[White "Reefat, Bin-Sattar"]
[Black "Subrota, Biswas"]
[Result "0-1"]
[ECO "C45"]
[WhiteElo "2394"]
[BlackElo "2199"]
[Annotator "ChessBase"]
[PlyCount "76"]
[EventDate "2021.12.27"]
[EventCountry "BAN"]
[SourceTitle "playchess.com"]
[Source "ChessBase"]
[SourceQuality "1"]
[TimeControl "40/5400+30:1800+30"]

1. e4 e5 2. Nf3 Nc6 3. d4 exd4 4. Nxd4 Nf6 5. Nxc6 bxc6 6. Nd2 Bc5 7. Bd3 O-O 8. O-O Re8 9. Nb3 Bf8 10. Re1 d6 11. h3 g6 12. Bg5 h6 13. Bd2 Bg7 14. Na5 c5 15. f4 Nh5 16. c3 c6 17. Nc4 d5 18. exd5 cxd5 19. Rxe8+ Qxe8 20. Nd6 Qc6 21. Nxc8 Rxc8 22. Be3 d4 23. cxd4 Re8 24. Bf2 Nxf4 25. Bf1 cxd4 26. Rc1 Qd6 27. g3 Nd5 28. Qf3 Ne3 29. Bd3 Re6 30. Rc8+ Bf8 31. Qa8 Kg7 32. Rd8 Qc5 33. Rc8 Qe7 34. Qb8 Rb6 35. Qf4 Rd6 36. Bb5 Qb7 37. Bxe3 Qxc8 38. Bxd4+ Kg8 0-1

[Event "46th BAN National Premier Chess-ch 2021"]
[Site "Dhaka"]
[Date "2022.01.05"]
[Round "9.1"]
[White "Subrota, Biswas"]
[Black "Manon, Reja Neer"]
[Result "1-0"]
[ECO "E94"]
[WhiteElo "2199"]
[BlackElo "1989"]
[Annotator "ChessBase"]
[PlyCount "109"]
[EventDate "2021.12.27"]
[EventCountry "BAN"]
[SourceTitle "playchess.com"]
[Source "ChessBase"]
[SourceQuality "1"]
[TimeControl "40/5400+30:1800+30"]

1. d4 Nf6 2. c4 g6 3. Nc3 Bg7 4. e4 d6 5. Nf3 O-O 6. Be2 e5 7. Be3 Nc6 8. O-O exd4 9. Nxd4 Re8 10. f3 Be6 11. Qd2 Nxd4 12. Bxd4 Nd7 13. Bxg7 Kxg7 14. f4 f6 15. Rae1 Qe7 16. b3 a5 17. Bd3 Bf7 18. Bc2 Nc5 19. Re3 c6 20. Rfe1 Qd7 21. Qf2 Ne6 22. Qh4 g5 23. Qh3 h6 24. e5 dxe5 25. fxe5 fxe5 26. Rd1 Qc7 27. Qf5 Nf8 28. Ne4 Re6 29. h4 gxh4 30. Rf1 Bg6 31. Qg4 Qe7 32. Ref3 h5 33. Qh3 Nh7 34. Kh1 b6 35. R3f2 Rd8 36. Qc3 Rd4 37. Nd2 Rf6 38. Bxg6 Kxg6 39. Nf3 c5 40. Qe1 e4 41. Nxh4+ Kf7 42. Qe2 e3 43. Qxh5+ Ke6 44. Nf5 Qd8 45. Qh3 exf2 46. Nxd4+ Kd6 47. Qh2+ Kd7 48. Qxh7+ Kc8 49. Nf3 Qd6 50. Qg8+ Kc7 51. Qg7+ Kb8 52. Rxf2 Qd1+ 53. Ng1 Qh5+ 54. Nh3 Qd1+ 55. Kh2 1-0

[Event "46th BAN National Premier Chess-ch 2021"]
[Site "Dhaka"]
[Date "2022.01.08"]
[Round "11.1"]
[White "Zia, Tahsin Tajwar"]
[Black "Manon, Reja Neer"]
[Result "1/2-1/2"]
[ECO "A52"]
[WhiteElo "2232"]
[BlackElo "1989"]
[Annotator "ChessBase"]
[PlyCount "34"]
[EventDate "2021.12.27"]
[EventCountry "BAN"]
[SourceTitle "playchess.com"]
[Source "ChessBase"]
[SourceQuality "1"]
[TimeControl "40/5400+30:1800+30"]

1. d4 Nf6 2. c4 e5 3. dxe5 Ng4 4. e4 Nxe5 5. f4 Nec6 6. Nf3 Bc5 7. Bd3 d6 8. Qe2 Bg4 9. Be3 Nd4 10. Qf2 Ne6 11. Nd4 Nxd4 12. Bxd4 Nc6 13. Be3 Nb4 14. Qd2 Qf6 15. e5 Qh6 16. O-O O-O-O 17. Nc3 Nxd3 1/2-1/2

[Event "46th BAN National Premier Chess-ch 2021"]
[Site "Dhaka"]
[Date "2022.01.08"]
[Round "11.5"]
[White "Mehdi, Hasan Parag"]
[Black "Mohammad, Minhaz Uddin"]
[Result "1-0"]
[ECO "C42"]
[WhiteElo "2230"]
[BlackElo "2259"]
[Annotator "ChessBase"]
[PlyCount "85"]
[EventDate "2021.12.27"]
[EventCountry "BAN"]
[SourceTitle "playchess.com"]
[Source "ChessBase"]
[SourceQuality "1"]
[TimeControl "40/5400+30:1800+30"]

1. e4 e5 2. Nf3 Nf6 3. Nxe5 d6 4. Nf3 Nxe4 5. Nc3 Nxc3 6. dxc3 Be7 7. Be3 Nd7 8. Qd2 Nf6 9. O-O-O O-O 10. Bd3 c5 11. Rhe1 Be6 12. Kb1 d5 13. Ng5 c4 14. Be2 a5 15. Nxe6 fxe6 16. f4 b5 17. Bf3 b4 18. Bd4 Ra6 19. g4 Ne8 20. f5 Nc7 21. Qg2 bxc3 22. Bxc3 Nb5 23. Be5 c3 24. bxc3 d4 25. Ka1 Qc8 26. Rd3 Qc4 27. Bxd4 Nxd4 28. cxd4 Bb4 29. Ree3 Rb8 30. c3 Rab6 31. Be4 Ba3 32. Rd2 Bc1 33. Qe2 Qa4 34. fxe6 Bb2+ 35. Rxb2 Rxb2 36. Qxb2 Qd1+ 37. Qb1 Rxb1+ 38. Bxb1 Qd2 39. Rd3 Qe2 40. d5 a4 41. a3 Kf8 42. d6 Ke8 43. Rd4 1-0